 Dungeon Crawl Stone Soup version 0.29.0-4-gdea44cf6ec (webtiles) character file.

Game seed: 4653002161178952156

42 qw the Chopper (level 3, -2/21 HPs)
             Began as a Tengu Warper on Aug 29, 2022.
             Slain by a gnoll
             ... wielding a +0 club
              (5 damage)
             ... on level 2 of the Dungeon.
             The game lasted 00:00:12 (1539 turns).

qw the Chopper (Tengu Warper)                       Turns: 1539, Time: 00:00:12

Health: -2/21      AC: 10    Str: 13    XL:     3   Next: 54%
Magic:  7/7        EV:  0    Int: 13    God:
Gold:   122        SH:  0    Dex: 13    Spells: 6/6 levels left

rFire   . . .      SeeInvis .   Y - +1 hand axe
rCold   . . .      Faith    .   (no shield)
rNeg    . . .      Spirit   .   e - +0 plate armour
rPois   .          Reflect  .   (helmet restricted)
rElec   .          Harm     .   (no cloak)
rCorr   .          Rampage  .   (no gloves)
Will    .....                   (boots unavailable)
Stlth   ..........              (no amulet)
HPRegen 0.07/turn               (no ring)
MPRegen 0.10/turn               (no ring)

@: constricted
A: beak, talons 3
a: no special abilities


You were on level 2 of the Dungeon.
You visited 1 branch of the dungeon, and saw 2 of its levels.

You collected 122 gold pieces.


Innate Abilities, Weirdness & Mutations

You have a beak for a mouth.
You have claws for feet.


   Skills:
 - Level 2.0 Fighting
 - Level 4.0 Axes
 - Level 1.0 Throwing
 + Level 1.6 Armour
 - Level 2.1 Dodging
 - Level 2.0 Spellcasting
 - Level 2.4 Translocations


You had 6 spell levels left.
You didn't know any spells.
Your spell library contained the following spells:

 Spells                   Type           Power      Damage    Failure   Level
 Blink                    Tloc           14%        N/A       100%        2
 Gell's Gravitas          Tloc           7%         N/A       100%        3
 Lesser Beckoning         Tloc           7%         N/A       100%        3
 Teleport Other           Tloc           7%         N/A       100%        3
 Manifold Assault         Tloc           7%         N/A       100%        5

Inventory:

Hand Weapons
 f - a +0 whip
 Y - a +1 hand axe (weapon)
Armour
 e - a +0 plate armour (worn)
Jewellery
 c - an amulet of regeneration
 g - a +4 ring of evasion
Scrolls
 a - 2 scrolls of identify
 b - a scroll of amnesia {unknown}
Potions
 d - a potion of haste {unknown}
 h - a potion of curing
 i - a potion of brilliance {unknown}
 k - a potion of might {unknown}

Dungeon Overview and Level Annotations

Branches:
Dungeon (2/15)

Altars:


Message History

The jackal skeleton bites you but does no damage.
You completely miss the jackal skeleton.
Your kick misses the jackal skeleton. You peck the jackal skeleton.
The jackal skeleton is heavily damaged.
The jackal skeleton bites you but does no damage.
You barely miss the jackal skeleton. You claw the jackal skeleton.
You destroy the jackal skeleton!
You see here a ball python corpse.
A ball python zombie and 3 gnolls come into view.
The gnoll shouts! x3; You hear an angry hiss.
A gnoll comes into view. It is wielding a +0 club.
The ball python zombie moves out of view.
Enter note: A ball python comes into view.
The ball python hisses angrily.
The gnoll shouts!
You barely miss the gnoll. You claw the gnoll. You peck the gnoll.
The gnoll is heavily wounded.
The gnoll hits you from afar with a +0 halberd.
The gnoll hits you with a +0 whip.
The gnoll hits you but does no damage. x2
You hit the gnoll. You peck the gnoll.
The gnoll is severely wounded.
You hit the ball python zombie. You hit the ball python.
You closely miss the gnoll. You hit the gnoll.
The ball python bites you but does no damage.
The ball python grabs you. The ball python constricts you.
The gnoll hits you but does no damage.
The gnoll hits you from afar with a +0 halberd.
The gnoll hits you but does no damage. The gnoll hits you with a +0 whip.
The ball python zombie bites you but does no damage.
You hit the ball python but do no damage.
Your kick misses the ball python.
The ball python is moderately wounded.
You hit the gnoll. You hit the gnoll but do no damage. You hit the gnoll.
You hit the ball python zombie. The ball python completely misses you.
The ball python constricts you.
The gnoll hits you from afar with a +0 halberd.
The gnoll hits you but does no damage.
The ball python zombie bites you but does no damage.
The gnoll hits you with a +0 whip! The gnoll hits you with a +0 club.
You die...

##............
##..............
#...............
#...............
#...............
......g.........
......Sgg......#
......g@Z.....#
########.###.##
#.# #.# #.# #.#
#.# #.## #..#


You could see 4 gnolls, a ball python zombie and a ball python.

Vanquished Creatures
  An adder zombie (D:2)
  2 adder skeletons (D:2)
  2 dart slugs
  6 ball pythons
  A bat skeleton (D:2)
  An endoplasm (D:2)
  2 giant cockroaches
  2 goblins
  A hobgoblin (D:2)
  5 bats
  2 frilled lizards
  A jackal skeleton (D:2)
  2 kobolds (D:1)
  A rat (D:1)
29 creatures vanquished.

Vanquished Creatures (others)
  A withered plant (D:2)
1 creature vanquished.

Grand Total: 30 creatures vanquished

Notes
Turn   | Place    | Note
-------+----------+-------------------------------------------
     0 | D:1      | qw the Tengu Warper began the quest for the Orb.
     0 | D:1      | Reached XP level 1. HP: 12/12 MP: 4/4
     0 | D:1      | 0 ||| qw: Version: 0.1-a-89-g26bdef1
     0 | D:1      | 0 ||| qw: Game counter: 3605
     0 | D:1      | 0 ||| qw: Always use a shield: true
     0 | D:1      | 0 ||| qw: God list: Okawaru
     0 | D:1      | 0 ||| qw: Allow faded altars: false
     0 | D:1      | 0 ||| qw: Do Orc after D:15 true
     0 | D:1      | 0 ||| qw: Do second Lair branch before Depths: true
     0 | D:1      | 0 ||| qw: Lair rune preference: random
     0 | D:1      | 0 ||| qw: Plans: Normal
     0 | D:1      | 0 ||| PLANNING D:1-11
    12 | D:1      | Found a faded altar of an unknown god.
   472 | D:1      | Reached XP level 2. HP: 10/17 MP: 6/6
   481 | D:1      | Reached skill level 3 in Axes
  1052 | D:1      | 1052 ||| UPGRADING to +0 plate armour.
  1062 | D:1      | 1062 ||| DROPPING +0 leather armour.
  1071 | D:1      | 1071 ||| READING scroll labelled VYKHLU ROLEOT.
  1075 | D:1      | 1075 ||| READING scroll labelled LORUON ASOUHUI.
  1085 | D:1      | 1085 ||| READING scroll labelled JAUWETH AZXARESI.
  1103 | D:1      | 1103 ||| READING scroll labelled PEEMUELULO.
  1104 | D:1      | 1104 ||| READING scroll labelled OFAERESIOSK.
  1116 | D:1      | 1116 ||| DRINKING 2 white potions.
  1122 | D:1      | 1122 ||| DROPPING scroll of blinking.
  1159 | D:2      | 1159 ||| STAIRDANCE
  1194 | D:2      | Reached XP level 3. HP: 17/21 MP: 7/7
  1300 | D:2      | Reached skill level 4 in Axes
  1539 | D:2      | HP: 3/21 [gnoll/+0 whip (7)]
  1539 | D:2      | Slain by a gnoll

Levels and vault maps discovered:
D:1:      lightli_molten_gateway, layout_loops_corners,
          chequers_ecumenical_altar_island
D:2:      layout_rooms, serial_undead, serial_undead_a, serial_undead_f,
          serial_undead_f, serial_undead_b

Skill      XL: |  1  2  3 |
---------------+----------+-----
Axes           | 3 4 |  4.0
Fighting       | |  2.0
Throwing       | |  1.0
Armour         | |  1.6
Dodging        | |  2.1
Spellcasting   | |  2.0
Translocations | |  2.4

Action                   || total
-------------------------++-------
Melee: Hand axe          ||    64
       Kick              ||    15
       Peck              ||     7
       Punch             ||     1
Throw: Boomerang         ||     7
  Use: Scroll            ||     5
       Potion            ||     1
Armor: Leather armour    ||     5
       Plate armour      ||    46
Dodge: Dodged            ||    14

Table legend:
 A = Non-vault XP
 B = Vault XP
 C = Vault XP percentage of total XP
 D = Non-vault monster count
 E = Vault monster count
 F = Vault count percentage of total count
                 A         B        C        D         E       F
            +---------+---------+-------+---------+---------+-------
      Total |      41 |      19 |  31.7 |      24 |       5 |  17.2
            +---------+---------+-------+---------+---------+-------
        D:1 |      21 |       0 |   0.0 |      13 |       0 |   0.0
        D:2 |      20 |      19 |  48.7 |      11 |       5 |  31.2
            +---------+---------+-------+---------+---------+-------
